 Dungeon Crawl Stone Soup version 0.29.0-4-gdea44cf6ec (webtiles) character file.

Game seed: 1075958867803002246

37 qw the Vexing (level 3, 0/35 HPs)
             Began as an Ogre Enchanter on Sept 4, 2022.
             Slain by Natasha (5 damage)
             ... on level 2 of the Dungeon.
             The game lasted 00:01:02 (2437 turns).

qw the Vexing (Ogre Enchanter)                      Turns: 2437, Time: 00:01:03

Health: 0/35       AC:  3    Str: 14    XL:     3   Next: 41%
Magic:  6/6        EV:  9    Int: 16    God:
Gold:   28         SH:  0    Dex:  9    Spells: 6/6 levels left

rFire   + . .      SeeInvis .   Y - +0 short sword
rCold   . . .      Faith    .   (no shield)
rNeg    . . .      Spirit   .   b - +0 robe
rPois   .          Reflect  .   (helmet restricted)
rElec   .          Harm     .   (no cloak)
rCorr   .          Rampage  .   (gloves unavailable)
Will    .....                   (boots unavailable)
Stlth   ++........              (no amulet)
HPRegen 0.11/turn               a - ring of protection from fire
MPRegen 0.10/turn               (no ring)

@: no status effects
A: large, unfitting armour, tough skin 1
a: no special abilities


You were on level 2 of the Dungeon.
You visited 1 branch of the dungeon, and saw 2 of its levels.

You collected 28 gold pieces.


Innate Abilities, Weirdness & Mutations

You are too large for most types of armour.
You have tough skin. (AC +1)


   Skills:
 - Level 2.0 Fighting
 - Level 0.8 Short Blades
 + Level 2.4 Axes
 - Level 1.7 Dodging
 - Level 2.1 Stealth
 - Level 2.4 Spellcasting
 - Level 2.6 Hexes


You had 6 spell levels left.
You didn't know any spells.
Your spell library contained the following spells:

 Spells                   Type           Power      Damage    Failure   Level
 Ensorcelled Hibernation  Hex/Ice        12%        N/A       17%         2
 Confusing Touch          Hex            10%        N/A       21%         3
 Tukima's Dance           Hex            10%        N/A       21%         3
 Dazzling Flash           Conj/Hex       12%        N/A       34%         3

Inventory:

Hand Weapons
 Y - a +0 short sword (weapon)
Armour
 b - a +0 robe (worn)
Jewellery
 a - a ring of protection from fire (left hand)
 c - an amulet of reflection
Scrolls
 e - a scroll of magic mapping {unknown}
 g - 2 scrolls of identify
Potions
 d - a potion of heal wounds {unknown}

Dungeon Overview and Level Annotations

Branches:
Dungeon (2/15)

Altars:

Annotations:
D:2 Natasha


Message History

Found a sling.
Found a stone staircase leading down.
Enter note: Natasha, Servant of Life and Death comes into view.
Enter note: Natasha hisses angrily.
Natasha stares at you and mumbles some strange words.
The magic dart hits you. Natasha casts a spell at you. The magic dart hits you.
You closely miss Natasha. Natasha claws you!
You closely miss Natasha. Natasha completely misses you.
Natasha claws you but does no damage.
You hit Natasha but do no damage. Natasha claws you.
You closely miss Natasha. Natasha barely misses you.
You completely miss Natasha. Natasha barely misses you.
You closely miss Natasha.
Natasha mumbles some strange words.
You miss the crimson imp. Natasha barely misses you. The crimson imp hits you.
You hit the crimson imp.
The crimson imp is moderately wounded.
Natasha barely misses you. The crimson imp closely misses you.
You hit the crimson imp but do no damage.
The crimson imp is moderately wounded.
Natasha hisses.
Natasha barely misses you. The crimson imp hits you.
You hit the crimson imp.
The crimson imp is moderately wounded.
Natasha claws you.
The crimson imp blinks!
You closely miss Natasha. Natasha claws you.
You hit the crimson imp.
The crimson imp is heavily wounded.
Natasha claws you.
You die...

.........# #.###.####
.####.##.# #:# ##...# #
###.##.# ##.###.##.# #.
#......# #.#.###.###
#.##.#....# #.:......#
#.......#.#######........#
#..>....#................#
#.##.##.#####.###........#
#.##.##.# #..@..#........#
#.......# #..5h.#........#
###...### #.....#........#
#.#.# #.....####.######.
#...# #.....# #.........
#.### ####### #..####.##
#.# #..####.# #.# ###
####....##.# ##.## #####..
..#.##.##.#


You could see Natasha and a crimson imp (summoned).

Vanquished Creatures
  3 endoplasms (D:1)
  2 giant cockroaches (D:1)
  5 goblins (D:1)
  4 hobgoblins (D:1)
  4 kobolds (D:1)
  4 ball pythons (D:1)
  5 bats (D:1)
  8 rats (D:1)
35 creatures vanquished.

Notes
Turn   | Place    | Note
-------+----------+-------------------------------------------
     0 | D:1      | qw the Ogre Enchanter began the quest for the Orb.
     0 | D:1      | Reached XP level 1. HP: 16/16 MP: 3/3
     0 | D:1      | 0 ||| qw: Version: 0.1-a-103-gd6f5d3a
     0 | D:1      | 0 ||| qw: Game counter: 5501
     0 | D:1      | 0 ||| qw: Always use a shield: true
     0 | D:1      | 0 ||| qw: God list: Okawaru
     0 | D:1      | 0 ||| qw: Allow faded altars: false
     0 | D:1      | 0 ||| qw: Do Orc after D:15 true
     0 | D:1      | 0 ||| qw: Do second Lair branch before Depths: true
     0 | D:1      | 0 ||| qw: Lair rune preference: random
     0 | D:1      | 0 ||| qw: Plans: Normal
     0 | D:1      | 0 ||| PLANNING D:1-11
   164 | D:1      | 164 ||| SWAPPING to +0 club.
   165 | D:1      | 165 ||| DROPPING +1 dagger.
   169 | D:1      | 169 ||| Stepping ~*~*~tactically~*~*~ (stealth).
   171 | D:1      | 171 ||| Stepping ~*~*~tactically~*~*~ (stealth).
   173 | D:1      | 173 ||| Stepping ~*~*~tactically~*~*~ (stealth).
   175 | D:1      | 175 ||| Stepping ~*~*~tactically~*~*~ (stealth).
   183 | D:1      | 183 ||| Stepping ~*~*~tactically~*~*~ (stealth).
   184 | D:1      | 184 ||| Stepping ~*~*~tactically~*~*~ (stealth).
   194 | D:1      | 194 ||| Stepping ~*~*~tactically~*~*~ (stealth).
   201 | D:1      | Reached skill level 1 in Axes
   205 | D:1      | 205 ||| Stepping ~*~*~tactically~*~*~ (stealth).
   220 | D:1      | Reached skill level 1 in Fighting
   225 | D:1      | Reached XP level 2. HP: 14/27 MP: 5/5
   239 | D:1      | 239 ||| Stepping ~*~*~tactically~*~*~ (stealth).
   240 | D:1      | 240 ||| Stepping ~*~*~tactically~*~*~ (stealth).
   493 | D:1      | 493 ||| Stepping ~*~*~tactically~*~*~ (outnumbered).
  1161 | D:1      | Reached XP level 3. HP: 23/35 MP: 6/6
  1248 | D:1      | 1248 ||| Stepping ~*~*~tactically~*~*~ (stealth).
  1383 | D:1      | 1383 ||| SWAPPING to +0 short sword.
  1384 | D:1      | 1384 ||| DROPPING +0 club.
  1558 | D:1      | 1558 ||| Stepping ~*~*~tactically~*~*~ (stealth).
  1560 | D:1      | 1560 ||| Stepping ~*~*~tactically~*~*~ (stealth).
  1561 | D:1      | 1561 ||| Stepping ~*~*~tactically~*~*~ (stealth).
  1563 | D:1      | 1563 ||| Stepping ~*~*~tactically~*~*~ (stealth).
  2064 | D:1      | 2064 ||| UPGRADING to ring of protection from fire.
  2065 | D:1      | 2065 ||| READING scroll labelled ARRA YCIUKUXT.
  2066 | D:1      | 2066 ||| READING scroll labelled HIEGADIE RIGU.
  2067 | D:1      | 2067 ||| READING 2 scrolls labelled TIRUKHL QOHOT.
  2068 | D:1      | 2068 ||| READING scroll labelled PAELOH AC MILO.
  2069 | D:1      | 2069 ||| DROPPING 2 potions of invisibility.
  2070 | D:1      | 2070 ||| Stepping randomly (stuck).
  2071 | D:1      | 2071 ||| Stepping ~*~*~tactically~*~*~ (cloud).
  2079 | D:1      | HP: 8/35 [poisoned by you (poison gas)]
  2423 | D:2      | Noticed Natasha
  2436 | D:2      | HP: 5/35 [Natasha (4)]
  2437 | D:2      | Slain by Natasha

Levels and vault maps discovered:
D:1:      denvon_arrival_planthouse, layout_loops_ring
D:2:      layout_loops_cross, minmay_heptomino_l4, uniq_natasha, uniq_terence

Skill      XL: |  1  2  3 |
---------------+----------+-----
Axes           | 1 2 |  2.4
Fighting       | 1 2 |  2.0
Short Blades   | |  0.8
Dodging        | |  1.7
Stealth        | |  2.1
Spellcasting   | |  2.4
Hexes          | |  2.6

Action                   || total
-------------------------++-------
Melee: Dagger            ||    18
       Club              ||    99
       Short sword       ||    59
  Use: Scroll            ||     4
 Stab: Sleeping          ||     1
Armor: Robe              ||    43
Dodge: Dodged            ||    92

Table legend:
 A = Non-vault XP
 B = Vault XP
 C = Vault XP percentage of total XP
 D = Non-vault monster count
 E = Vault monster count
 F = Vault count percentage of total count
                 A         B        C        D         E       F
            +---------+---------+-------+---------+---------+-------
      Total |      54 |       0 |   0.0 |      35 |       0 |   0.0
            +---------+---------+-------+---------+---------+-------
        D:1 |      54 |       0 |   0.0 |      35 |       0 |   0.0
            +---------+---------+-------+---------+---------+-------
